 Dungeon Crawl Stone Soup version 0.13-a0-1536-gedae9ec (webtiles) character file.

406 Kae the Sneak (level 5, 0/24 HPs)
             Began as a Spriggan Enchanter on June 9, 2013.
             Splashed by a jelly's acid (15 damage)
             ... on Level 3 of the Dungeon.
             The game lasted 00:04:19 (3726 turns).

Kae the Sneak (Spriggan Enchanter)                  Turns: 3726, Time: 00:04:19

HP   0/24        AC  3     Str  5      XL: 5   Next: 77%
MP  15/16        EV 18     Int 16      God:
Gold 169         SH  0     Dex 17      Spells:  2 memorised,  8 levels left

Res.Fire  : . . .   See Invis. : +   a - +1 dagger {=f}
Res.Cold  : . . .   Warding    : .   b - +1 robe
Life Prot.: . . .   Conserve   : .   (shield restricted)
Res.Poison: .       Res.Corr.  : .   (helmet restricted)
Res.Elec. : .       Clarity    : .   (no cloak)
Sust.Abil.: . .     Spirit.Shd : .   (gloves unavailable)
Res.Mut.  : .       Stasis     : .   (boots unavailable)
Res.Rott. : .       Flight     : .   (no amulet)
Saprovore : . . .                    (no ring)
                                     (no ring)

@: very quick, somewhat resistant to hostile enchantments, quite stealthy
A: unfitting armour, see invisible, herbivore 3, speed 3, slow metabolism 2
a: no special abilities


You were on level 3 of the Dungeon.
You were near starving.

You visited 1 branch of the dungeon, and saw 3 of its levels.

You collected 149 gold pieces.

Inventory:

Hand weapons
 a - a +1,+1 dagger (weapon) {=f}
Missiles
 d - 9 darts (quivered)
Armour
 b - a +1 robe (worn)
Comestibles
 f - 3 bread rations
 k - 2 meat rations
 r - a choko
 s - a pear
Scrolls
 h - 3 scrolls of identify {unknown}
 i - 2 scrolls of teleportation {unknown}
 j - 2 scrolls of fog {unknown}
 l - a scroll of remove curse {unknown}
 o - a scroll of enchant armour {unknown}
 t - a scroll of random uselessness {unknown}
Jewellery
 g - an uncursed ring of poison resistance {unknown}
Potions
 e - a potion of porridge
 m - a potion of slowing {unknown}
 n - a potion of brilliance {unknown}
 p - a potion of heal wounds {unknown}
 q - a potion of agility {unknown}
Books
 c - a book of Maledictions

   Spells                             Type                      Level
   *Corona                            Hexes                        1
   Sure Blade                         Hexes/Charms                 2
   *Ensorcelled Hibernation           Hexes/Ice                    2
   Confuse                            Hexes                        3
   Enslavement                        Hexes                        4
   Invisibility                       Hexes                        6


   Skills:
 + Level 3.3 Short Blades
 - Level 1.1 Throwing
 - Level 3.0 Dodging
 + Level 5.2 Stealth
 + Level 3.6 Spellcasting
 + Level 5.0 Hexes


You had 8 spell levels left.
You knew the following spells:

 Your Spells              Type           Power        Failure   Level  Hunger
a - Corona                Hex            ###....      2%          1    None
b - Ensorcelled Hibernat  Hex/Ice        ##....       12%         2    ##.....


Dungeon Overview and Level Annotations

Branches:
Dungeon (3/27)

Altars:
Zin

Annotations
D:3 Kae's ghost, average SpEn


Innate Abilities, Weirdness & Mutations

You are tiny and cannot use many weapons and most armour.
You have supernaturally acute eyesight.
You are a herbivore.
You cover ground extremely quickly.
You need consume almost no food.


Message History

Your Hexes skill increases to level 5!
You start resting.
Magic restored.
You start resting.
What do you say? t - Shout!
Orders for allies: a - Attack new target. r - Retreat! s - Stop attacking. w - Wait here. f - Follow me.
Anything else - Stay silent.
You shout for attention!
Casting: Ensorcelled Hibernation
Confirm with . or Enter, or press ? or * to list all spells.
Aiming: Corona
Press: ? - help, Shift-Dir - straight line, f - jelly
Aim: a jelly The jelly struggles to resist.
The jelly hits you.
You are splashed with acid!
The acid burns!
Ouch! That really hurt!
You die...

# ## ####### .##.##.
####....... .≈.....
...........
J..≈..≈.###.#...#..#.(
...≈.....J@.#..........
SJ......####..#......#.
J...≈.. ###...........
)##.##. #..............
# ####...%#......#..
..................
#######...#..#...#
##........# ###....###


You could see a jelly.

Vanquished Creatures
  Sigmund (D:2)
  5 jellies (D:3)
  Terence (D:2)
  3 gnolls (D:3)
  A worm (D:2)
  A giant gecko (D:2)
  An ooze (D:2)
  5 goblins
  5 hobgoblins
  3 jackals (D:2)
  A ball python (D:3)
  9 bats
  3 giant cockroaches
  4 giant newts (D:1)
  6 kobolds
  3 rats
52 creatures vanquished.

Vanquished Creatures (others)
  A giant newt (D:2)
  A toadstool (D:3)
2 creatures vanquished.

Grand Total: 54 creatures vanquished

Notes
Turn   | Place    | Note
--------------------------------------------------------------
     0 | D:1      | Kae, the Spriggan Enchanter, began the quest for the Orb.
     0 | D:1      | Reached XP level 1. HP: 9/9 MP: 4/4
   404 | D:1      | Reached XP level 2. HP: 8/13 MP: 6/6
   428 | D:1      | Learned a level 2 spell: Ensorcelled Hibernation
   920 | D:2      | Reached skill level 4 in Hexes
  1809 | D:2      | Reached XP level 3. HP: 16/16 MP: 9/9
  1941 | D:2      | Noticed Terence
  2120 | D:2      | Found a glowing silver altar of Zin.
  2327 | D:2      | Noticed Sigmund
  2656 | D:2      | Killed Terence
  2836 | D:2      | Killed Sigmund
  2836 | D:2      | Reached XP level 4. HP: 6/21 MP: 7/13
  3294 | D:3      | Reached XP level 5. HP: 17/24 MP: 11/16
  3360 | D:3      | Noticed Kae's ghost (average SpEn)
  3593 | D:3      | Reached skill level 5 in Stealth
  3603 | D:3      | Reached skill level 5 in Hexes
  3726 | D:3      | Splashed by a jelly's acid

Action                   |  1- 3 |  4- 6 || total
-------------------------+-------+-------++-------
Melee: Dagger            |   177 |    50 ||   227
Throw: Dart              |    19 |       ||    19
 Cast: Ensorcelled Hiber |    10 |    15 ||    25
       Corona            |     1 |     1 ||     2
 Stab: Sleeping          |     9 |     8 ||    17
